 Dungeon Crawl Stone Soup version 0.28-a0-1356-g2ad6d04315 (webtiles) character file.

Game seed: 10295177425153056319

178047 frimble the Prestidigitator (level 17, -16/139 HPs)
             Began as a Demonspawn Warper on Dec 31, 2021.
             Was a High Priest of Cheibriados.
             Killed from afar by a deep elf knight (23 damage)
             ... with a shard of ice
             ... on level 2 of the Elven Halls.
             The game lasted 00:44:53 (34977 turns).

frimble the Prestidigitator (Demonspawn Warper)    Turns: 34977, Time: 00:44:54

Health: -16/139    AC: 20    Str: 27    XL:     17   Next: 56%
Magic:  22/25      EV: 21    Int: 34    God:    Cheibriados [*****.]
Gold:   1604       SH: 16    Dex: 32    Spells: 9/20 levels left

rFire   + . .      SeeInvis .   I - +4 scimitar (flame)
rCold   + + .      Faith    .   h - +2 buckler
rNeg    + . .      Spirit   .   l - +4 troll leather armour
rPois   .          Reflect  +   d - +0 hat of Futuristic Knowledge {+Inv rC+ rN+ Str+4}
rElec   .          Harm     .   (cloak unavailable)
rCorr   +          Rampage  .   T - +2 pair of gloves
Will    +....                   E - +0 pair of boots
Stlth   ++........              N - amulet of reflection
HPRegen 1.13/turn               F - ring of Uvvu {rF+ rC+ rCorr Dex+6 Slay+2}
MPRegen 0.19/turn               t - +4 ring of protection

@: lethally poisoned (-16 -> -16), very slow
A: molten scales 2, demonic guardian 1, foul stench 2, corrupting presence 1,
weakness stinger 3
a: Renounce Religion, Evoke Invisibility, Bend Time, Temporal Distortion,
Slouch, Step From Time


You were on level 2 of the Elven Halls.
You worshipped Cheibriados.
Cheibriados was extremely pleased with you.
You visited 5 branches of the dungeon, and saw 26 of its levels.
You also visited: Sewer, Ossuary, Bailey and Ice Cave.

You collected 3823 gold pieces.
You spent 2219 gold pieces at shops.

Inventory:

Hand Weapons
 I - a +4 scimitar of flaming (weapon)
Missiles
 w - 5 throwing nets (quivered)
 J - 17 boomerangs
 S - 3 curare-tipped darts
 U - 2 boomerangs of dispersal
 X - 6 silver javelins
Armour
 d - the +0 hat of Futuristic Knowledge (worn) {+Inv rC+ rN+ Str+4}
   (You acquired it on level 13 of the Dungeon)

   Str:       It affects your strength (+4).
   rC:        It protects you from cold.
   rN:        It protects you from negative energy.
   +Inv:      It lets you turn invisible.
 h - a +2 buckler (worn)
 l - a +4 troll leather armour (worn)
 C - a +0 kite shield
 E - a +0 pair of boots (worn)
 T - a +2 pair of gloves (worn)
Jewellery
 o - a ring of protection from fire
 t - a +4 ring of protection (right hand)
 z - a ring of willpower
 F - the ring of Uvvu (left hand) {rF+ rC+ rCorr Dex+6 Slay+2}
   (You bought it in a shop on level 1 of the Dungeon)

   [ring of dexterity]

   Dex:       It affects your dexterity (+6).
   Slay:      It affects your accuracy & damage with ranged weapons and melee
   (+2).
   rF:        It protects you from fire.
   rC:        It protects you from cold.
   rCorr:     It protects you from acid and corrosion.
 G - a ring of see invisible
 N - an amulet of reflection (around neck)
 Q - a +6 ring of strength
Wands
 a - a wand of acid (2)
 y - a wand of polymorph (2)
 D - a wand of paralysis (13)
 O - a wand of digging (17)
 R - a wand of flame (33)
 W - a wand of iceblast (14)
Scrolls
 c - 2 scrolls of blinking
 f - a scroll of brand weapon
 i - 3 scrolls of enchant armour
 j - 17 scrolls of teleportation
 q - a scroll of fear
 v - 13 scrolls of enchant weapon
 B - 4 scrolls of amnesia
 K - a scroll of immolation
 L - 13 scrolls of identify
 M - a scroll of magic mapping
Potions
 b - a potion of magic
 g - 11 potions of curing
 k - 13 potions of brilliance
 m - a potion of ambrosia
 n - 4 potions of cancellation
 p - 3 potions of flight
 r - 3 potions of heal wounds
 s - 7 potions of mutation
 u - 2 potions of berserk rage
 x - 7 potions of might
 A - 4 potions of resistance
 H - 7 potions of haste
 Z - 2 potions of attraction
Miscellaneous
 e - a tin of tremorstones (inert)
 Y - a box of beasts


   Skills:
 - Level 14.0 Fighting
 - Level 14.0 Long Blades
 - Level 7.0 Throwing
 - Level 5.0 Armour
 - Level 8.0 Dodging
 + Level 9.9 Shields
 - Level 2.0 Spellcasting
 - Level 7.2 Translocations
 + Level 6.1 Transmutations
 + Level 6.0 Earth Magic
 - Level 11.1 Invocations
 - Level 14.2 Evocations


You had 9 spell levels left.
You knew the following spells:

 Your Spells              Type           Power      Damage    Failure   Level
a - Blink                 Tloc           100%       N/A       1%          2
b - Apportation           Tloc           100%       N/A       1%          1
c - Passwall              Tmut/Erth      36%        N/A       1%          2
d - Statue Form           Tmut/Erth      29%        N/A       63%         6

Your spell library contained the following spells:

 Spells                   Type           Power      Damage    Failure   Level
 Beastly Appendage        Tmut           88%        N/A       1%          1
 Sting                    Tmut/Pois      96%        1d7       1%          1
 Wereblood                Tmut           44%        N/A       1%          2
 Gell's Gravitas          Tloc           52%        N/A       1%          3
 Lesser Beckoning         Tloc           52%        N/A       1%          3
 Teleport Other           Tloc           52%        N/A       1%          3
 Passage of Golubria      Tloc           52%        N/A       3%          4
 Portal Projectile        Hex/Tloc       56%        N/A       4%          3
 Spider Form              Tmut/Pois      24%        N/A       6%          3
 Manifold Assault         Tloc           52%        N/A       10%         5
 Blade Hands              Tmut           22%        N/A       16%         5
 Ice Form                 Ice/Tmut       24%        N/A       19%         4
 Leda's Liquefaction      Hex/Erth       12%        N/A       19%         4
 Call Canine Familiar     Summ           3%         N/A       21%         3
 Swiftness                Air            3%         N/A       21%         3
 Tukima's Dance           Hex            3%         N/A       21%         3
 Alistair's Intoxication  Tmut/Pois      16%        N/A       47%         5
 Borgnjor's Vile Clutch   Necr/Erth      12%        N/A       47%         5
 Yara's Violent Unravell  Hex/Tmut       12%        3d7       47%         5
 Airstrike                Air            1%         N/A       54%         4
 Animate Dead             Necr           1%         N/A       54%         4
 Cause Fear               Hex            1%         N/A       54%         4
 Hailstorm                Conj/Ice       3%         3d3       54%         4
 Olgreb's Toxic Radiance  Pois           3%         N/A       54%         4
 Summon Lightning Spire   Summ/Air       3%         N/A       54%         4
 Excruciating Wounds      Necr           1%         N/A       88%         5
 Fireball                 Conj/Fire      1%         3d3       88%         5
 Iskenderun's Battlesphe  Conj           3%         2d6       88%         5
 Lightning Bolt           Conj/Air       1%         1d12      88%         5
 Dragon Form              Tmut           22%        N/A       99%         7
 Conjure Ball Lightning   Conj/Air       1%         3x3d6     100%        6
 Death Channel            Necr           1%         N/A       100%        6
 Simulacrum               Ice/Necr       1%         N/A       100%        6
 Orb of Destruction       Conj           1%         N/A       100%        7
 Ozocubu's Refrigeration  Ice            1%         4d5       100%        7
 Ignition                 Fire           1%         3d3       100%        8
 Dragon's Call            Summ           1%         N/A       100%        9


Dungeon Overview and Level Annotations

Branches:
Dungeon (15/15)            Temple (1/1) D:6            Lair (6/6) D:10
  Snake (0/4) Lair:2       Spider (0/4) Lair:3        Slime (0/5) Lair:6
    Orc (2/2) D:12            Elf (2/3) Orc:2        Vaults (0/5) D:14
 Depths (0/4) D:15          Sewer (visited)         Ossuary (visited)
 Bailey (visited)           IceCv (visited)

Altars:
Cheibriados
Dithmenos
Elyvilon
Kikubaaqudgha
Makhleb
Okawaru
Vehumet
Xom
Yredelemnul
Zin
Beogh
Jiyva
Lugonu

Shops:
D:1 =:*[=   D:6 *   Orc:1 *   Orc:2 !((:   Elf:1 [:*(*   Elf:2 [

Portals:
Abyss: Lair:3

Annotations:
Lair:6 1 runed translucent door


Innate Abilities, Weirdness & Mutations

You are mostly covered in molten scales. (AC +3)
A weak demonic guardian rushes to your aid.
You sometimes emit foul miasma when damaged in melee.
Your presence sometimes corrodes those you injure.
You have a sharp stinger which inflicts weakening toxins.


Message History

You hear a twanging sound.
An arrow appears from out of thin air!
The arrow hits your ice devil!!
You hear a twanging sound.
An arrow appears from out of thin air!
You hear a twanging sound.
An arrow appears from out of thin air!
The arrow hits your ice devil.
You hear a twanging sound.
An arrow appears from out of thin air!
The arrow hits your ice devil but does no damage.
You hear some strange, mumbled words.
You feel sick.
You hear some strange, mumbled words.
A shard of ice appears from out of thin air!
The shard of ice hits your ice devil!
Your ice devil partially resists.
Your ice devil dies!
Your ice devil disappears in a puff of smoke!
You hear a twanging sound.
An arrow appears from out of thin air!
Reactivating autopickup.
You feel a bit more experienced.
You hear a twanging sound.
An arrow appears from out of thin air!
Deactivating autopickup; reactivate with Ctrl-A.
The arrow hits you.
* * * LOW HITPOINT WARNING * * *
A demonic guardian appears!
You feel sick.
You hear some strange, mumbled words.
A lance of force appears from out of thin air!
The lance of force hits you!
* * * LOW HITPOINT WARNING * * *
You are knocked back by the lance of force.
You slam into the rock wall!
A shard of ice appears from out of thin air!
The shard of ice misses you.
A deep elf knight comes into view. It is wielding a +0 long sword.
A shard of ice appears from out of thin air!
The shard of ice hits you!! You partially resist.
You die...

#.......##
#####....##
#######)....#
##..⌠.))....#.
##......))#####
##.........# #
##..........#
##..........⌠#
#@5..........#
#.⌠..........#
#...........## .
#§.........## ...
#.........##
.....##{....⌠..##
.....)e.......##
......))#######
......))#


You could see a deep elf knight and a friendly white imp (summoned).

Vanquished Creatures
  Jorgrun (Elf:1)
  Roxanne (Elf:1)
  Kirke (Elf:1)
  2 deep elf sorcerers (Elf:2)
  2 orc warlords
  An ironbound preserver (D:14)
  3 deep elf demonologists (Elf:1)
  Azrael (Elf:1)
  2 deep elf annihilators (Elf:2)
  2 deep elf death magi
  2 fire dragons
  Josephine (D:10)
  2 ice dragons
  10 hydras
  A rakshasa (D:14)
  8 boulder beetles
  3 catoblepae
  7 centaur warriors
  11 two-headed ogres
  An ogre mage (D:15)
  A death knight (D:14)
  A tengu warrior (D:14)
  4 death yaks (Lair:4)
  21 dancing weapons
  Urug (Lair:5)
  2 orc high priests
  14 deep elf knights
  Sonja (D:10)
  A fire crab (Lair:6)
  8 skeletal warriors
  A fire crab (shapeshifter) (D:13)
  A flayed ghost (D:15)
  A bog body (IceCv)
  6 deep elf archers
  Pikel (D:7)
  24 deep elf zephyrmancers
  19 deep elf pyromancers
  A necromancer (IceCv)
  5 orc knights
  9 ugly things
  6 orc sorcerers
  6 manticores
  A moth of wrath (Bailey)
  5 cyclopes
  8 black mambas
  5 elephants (Lair:4)
  2 torpor snails
  2 ice statues (IceCv)
  4 unseen horrors
  4 kobold demonologists
  10 cane toads
  Maggie (D:10)
  11 komodo dragons
  2 efreet (D:14)
  6 rime drakes
  2 entropy weaver simulacra (IceCv)
  4 yaktaurs (D:15)
  4 anaconda simulacra (IceCv)
  6 ice devils
  A tengu conjurer (D:14)
  2 freezing wraiths (IceCv)
  8 polar bears
  6 trolls
  8 hornets
  28 slime creatures
  5 dream sheep (Lair:6)
  11 blink frogs
  A raiju (shapeshifter) (Elf:2)
  A jumping spider (Lair:3)
  A centaur simulacrum (D:14)
  13 spriggans (Lair:6)
  6 wraiths
  2 dire elephant simulacra (IceCv)
  An air elemental (Elf:2)
  4 basilisks
  9 wyverns
  42 yaks
  Grum (D:8)
  5 fire elementals
  A basilisk (shapeshifter) (D:14)
  3 hogs (Elf:1)
  2 vampire mosquitoes (D:12)
  3 steam dragons
  4 wargs
  5 nagas (Lair:2)
  2 harpy simulacra (IceCv)
  2 acid dragons
  Duvessa (D:4)
  3 hell hounds (Elf:1)
  14 water moccasins
  42 orc warriors
  A black bear (shapeshifter) (D:15)
  9 black bears
  4 boggarts (Lair:6)
  3 ice beasts
  40 wolves
  13 ogres
  15 centaurs
  An elf zombie (Ossuary)
  7 kobold brigands
  9 bullfrogs
  2 earth elementals (Elf:1)
  2 gnoll sergeants
  2 scorpions
  A wyvern zombie (D:8)
  A cane toad simulacrum (IceCv)
  Dowan (D:4)
  4 wights
  2 electric eels (D:10)
  5 howler monkeys
  5 centaur zombies
  3 hounds
  A jelly (D:6)
  13 orc priests
  Jessica (D:3)
  3 gnoll shamans
  19 orc wizards
  A troll simulacrum (IceCv)
  A polar bear simulacrum (IceCv)
  2 spriggan simulacra (IceCv)
  A killer bee zombie (D:8)
  2 hound zombies (D:5)
  3 mummies (Ossuary)
  A howler monkey zombie (D:8)
  28 gnolls
  8 adders
  2 river rats (Sewer)
  A shadow imp (D:6)
  2 white imps (Lair:4)
  An ufetubus (D:6)
  2 worms (D:4)
  2 dart slugs
  80 orcs
  3 ball pythons
  7 bats
  7 endoplasms
  8 giant cockroaches
  6 hobgoblins
  9 jackals
  4 quokkas
  5 frilled lizards
  7 goblins
  3 goblin zombies (Ossuary)
  3 hobgoblin zombies (Ossuary)
  25 kobolds
  3 kobold zombies (Ossuary)
  8 rats
  A lurking horror (Lair:3)
913 creatures vanquished.

Vanquished Creatures (collateral kills)
  Rupert (D:12)
  A deep elf death mage (Elf:2)
  2 boulder beetles
  Erica (D:8)
  A death knight (D:14)
  A death yak (Lair:4)
  A deep elf knight (Elf:2)
  A deep elf zephyrmancer (Elf:1)
  An orc knight (Bailey)
  A manticore (D:10)
  A cyclops (D:10)
  2 cane toads (Lair:1)
  A komodo dragon (Lair:1)
  A water moccasin (Lair:2)
  4 orc warriors
  A scorpion (D:6)
  An orc priest (Orc:1)
  A jelly (D:3)
  A gnoll (D:6)
  A white imp (Lair:4)
  A worm (Bailey)
  7 orcs
33 creatures vanquished.

Vanquished Creatures (others)
  2 deep elf knights
  A deep elf archer (Elf:1)
  A slime creature (D:14)
  A human (Elf:1)
  2 orcs
  55 fungi
  35 plants
97 creatures vanquished.

Grand Total: 1043 creatures vanquished

Notes
Turn   | Place    | Note
-------+----------+-------------------------------------------
     0 | D:1      | frimble the Demonspawn Warper began the quest for the Orb.
     0 | D:1      | Reached XP level 1. HP: 16/16 MP: 3/3
   633 | D:1      | Found Tini's Book Shop.
   682 | D:1      | Found Wuomu's Jewellery Shop.
   866 | D:1      | Found Jajoxeecs's Assorted Antiques.
   898 | D:1      | Gained mutation: You have a small tail. [demonic ancestry]
   898 | D:1      | Reached XP level 2. HP: 22/22 MP: 5/5
  1061 | D:1      | Found Vurhaps's Jewellery Shop.
  1219 | D:1      | Found Gyweoh's Antique Armour Shoppe.
  1243 | D:1      | Found a faded altar of an unknown god.
  1556 | D:1      | Bought a scroll labelled HIULAYKHL USHREI for 31 gold
                  | pieces
  1560 | D:1      | Learned a level 2 spell: Blink
  1641 | D:2      | Identified the +5 ring mail of Hyocell {rF+ rN+}
  1762 | D:2      | Reached skill level 1 in Shields
  1895 | D:2      | Gained mutation: You may rarely emit foul miasma when
                  | damaged in melee. [demonic ancestry]
  1895 | D:2      | Reached XP level 3. HP: 27/27 MP: 6/6
  2595 | D:3      | Noticed Jessica
  2611 | D:3      | Killed Jessica
  2612 | D:3      | Gained mutation: You have a tail ending in a sharp stinger.
                  | [demonic ancestry]
  2612 | D:3      | Reached XP level 4. HP: 22/33 MP: 7/7
  2627 | D:3      | Found a glowing drain.
  2636 | Sewer    | Entered a sewer
  2884 | Sewer    | Noticed a kobold brigand
  2898 | Sewer    | Killed a kobold brigand
  2899 | Sewer    | Gained mutation: A weak demonic guardian rushes to your
                  | aid. [demonic ancestry]
  2899 | Sewer    | Reached XP level 5. HP: 14/38 MP: 5/8
  3704 | D:3      | Reached XP level 6. HP: 27/44 MP: 9/9
  4279 | D:4      | Reached skill level 5 in Long Blades
  4281 | D:4      | Reached XP level 7. HP: 18/50 MP: 10/10
  4299 | D:4      | Noticed Duvessa
  4299 | D:4      | Noticed Dowan
  4336 | D:4      | Found a sand-covered staircase.
  4342 | Ossuary  | Entered an ossuary
  4342 | Ossuary  | Noticed a wraith
  4342 | Ossuary  | Noticed a wraith
  4342 | Ossuary  | Noticed a wraith
  4500 | Ossuary  | Noticed a wraith
  4545 | Ossuary  | Killed a wraith
  5363 | D:4      | Killed Duvessa
  5377 | D:4      | Killed Dowan
  5703 | D:4      | Reached XP level 8. HP: 54/56 MP: 11/11
  5980 | D:5      | Entered Level 5 of the Dungeon
  6421 | D:5      | Found a shadowy altar of Dithmenos.
  7254 | D:6      | Found Zin's Purification Station.
  7740 | D:6      | Reached skill level 10 in Long Blades
  7740 | D:6      | Gained mutation: You are partially covered in molten
                  | scales. (AC +2) [demonic ancestry]
  7740 | D:6      | Reached XP level 9. HP: 38/61 MP: 12/12
  8198 | D:6      | Found a staircase to the Ecumenical Temple.
  8328 | Temple   | Entered the Ecumenical Temple
  8369 | Temple   | Became a worshipper of Cheibriados the Contemplative
  8571 | D:7      | Reached skill level 1 in Throwing
  9148 | D:7      | Noticed Pikel
  9175 | D:7      | Killed Pikel
  9175 | D:7      | Reached * piety under Cheibriados
  9498 | D:7      | Reached skill level 5 in Fighting
 10161 | D:8      | Noticed Erica
 10179 | D:8      | Killed Erica
 10180 | D:8      | Reached skill level 5 in Throwing
 10180 | D:8      | Reached XP level 10. HP: 20/76 MP: 10/13
 10187 | D:8      | Found a flagged portal.
 10194 | Bailey   | Entered a bailey
 10451 | Bailey   | Reached ** piety under Cheibriados
 10659 | Bailey   | Noticed an orc knight
 10660 | Bailey   | Noticed an orc knight
 10670 | Bailey   | Killed an orc knight
 10671 | Bailey   | Reached skill level 1 in Evocations
 10692 | Bailey   | Killed an orc knight
 10966 | Bailey   | Noticed an orc knight
 10973 | Bailey   | Noticed an orc knight
 10987 | Bailey   | Noticed a moth of wrath
 10987 | Bailey   | an orc knight changed into a moth of wrath
 10994 | Bailey   | Killed an orc knight
 11000 | Bailey   | Killed a moth of wrath
 11554 | D:8      | Noticed Grum
 11560 | D:8      | Killed Grum
 11725 | D:8      | Reached *** piety under Cheibriados
 12294 | D:9      | Reached XP level 11. HP: 86/86 MP: 14/14
 12365 | D:9      | Found an ancient bone altar of Kikubaaqudgha.
 12477 | D:9      | Noticed a two-headed ogre
 12488 | D:9      | Killed a two-headed ogre
 12489 | D:9      | Reached skill level 5 in Evocations
 12692 | D:9      | Noticed a cyan ugly thing
 12705 | D:9      | Killed a cyan ugly thing
 12997 | D:10     | Entered Level 10 of the Dungeon
 13015 | D:10     | Noticed a two-headed ogre
 13025 | D:10     | Killed a two-headed ogre
 13025 | D:10     | Reached **** piety under Cheibriados
 13299 | D:10     | Noticed a two-headed ogre
 13311 | D:10     | Killed a two-headed ogre
 13388 | D:10     | Noticed Sonja
 13407 | D:10     | Killed Sonja
 13408 | D:10     | Reached skill level 1 in Invocations
 13493 | D:10     | Noticed a boulder beetle
 13498 | D:10     | Noticed a brown ugly thing
 13508 | D:10     | Killed a boulder beetle
 13521 | D:10     | Noticed a centaur warrior
 13522 | D:10     | Killed a brown ugly thing
 13531 | D:10     | Killed a centaur warrior
 13536 | D:10     | Noticed a centaur warrior
 13541 | D:10     | Killed a centaur warrior
 13559 | D:10     | Reached skill level 5 in Invocations
 13832 | D:10     | Identified the +7 whip "Fecauloa" {vorpal, Str+5 Dex-3}
 13832 | D:10     | Identified the amulet "Nufuu" {Faith Harm rN+}
 13860 | D:10     | Noticed a two-headed ogre
 13860 | D:10     | Noticed a two-headed ogre
 13883 | D:10     | Killed a two-headed ogre
 13883 | D:10     | Reached ***** piety under Cheibriados
 13884 | D:10     | Reached XP level 12. HP: 39/97 MP: 12/16
 13889 | D:10     | Killed a two-headed ogre
 13890 | D:10     | Reached skill level 10 in Fighting
 14164 | D:10     | Noticed Maggie
 14171 | D:10     | Killed Maggie
 14403 | D:10     | Noticed a two-headed ogre
 14408 | D:10     | Killed a two-headed ogre
 14596 | D:10     | Noticed Josephine
 14601 | D:10     | Killed Josephine
 14669 | D:10     | Paralysed by a hornet for 2 turns
 15453 | D:10     | Found a staircase to the Lair.
 15606 | Lair:1   | Entered Level 1 of the Lair of Beasts
 15606 | Lair:1   | Noticed an eight-headed hydra
 15614 | Lair:1   | Killed a four-headed hydra
 16354 | Lair:1   | Reached skill level 1 in Armour
 17065 | Lair:1   | Noticed a seven-headed hydra
 17071 | Lair:1   | Killed a two-headed hydra
 17197 | Lair:2   | Noticed a four-headed hydra
 17213 | Lair:2   | Killed a one-headed hydra
 17214 | Lair:2   | Reached XP level 13. HP: 57/106 MP: 18/20
 17975 | Lair:2   | Reached ****** piety under Cheibriados
 18026 | Lair:2   | Reached skill level 10 in Invocations
 18484 | Lair:2   | Found a staircase to the Snake Pit.
 18979 | Lair:3   | Found a corrupted altar of Lugonu.
 18998 | Lair:3   | Found a one-way gate to the infinite horrors of the Abyss.
 19611 | Lair:3   | Found a hole to the Spider Nest.
 20010 | Lair:4   | Reached skill level 5 in Dodging
 20745 | Lair:4   | Reached skill level 5 in Translocations
 20750 | Lair:4   | Reached skill level 5 in Armour
 20797 | Lair:4   | HP: 1/106 [death yak (17)]
 21720 | Lair:5   | Noticed Urug
 21729 | Lair:5   | Killed Urug
 21730 | Lair:5   | Gained mutation: You sometimes emit foul miasma when
                  | damaged in melee. [demonic ancestry]
 21730 | Lair:5   | Reached XP level 14. HP: 108/113 MP: 21/21
 22806 | Lair:6   | Entered Level 6 of the Lair of Beasts
 23598 | Lair:6   | Found a shimmering altar of Xom.
 23995 | Lair:6   | Found a runed translucent door.
 23996 | Lair:6   | Found a viscous altar of Jiyva.
 24516 | Lair:6   | Found a staircase to the Slime Pits.
 24997 | D:1      | Bought the ring of Uvvu {rF+ rC+ rCorr Dex+6 Slay+2} for
                  | 1122 gold pieces
 26005 | D:12     | Found a staircase to the Orcish Mines.
 26202 | D:12     | Noticed Rupert
 26223 | D:12     | Killed Rupert
 26659 | D:12     | Gained mutation: You have a sharp stinger which inflicts
                  | weakening toxins. [demonic ancestry]
 26659 | D:12     | Reached XP level 15. HP: 109/126 MP: 18/22
 27692 | D:13     | Identified a scroll of acquirement
 27706 | D:13     | Acquired the +0 hat of Futuristic Knowledge {+Inv rC+ rN+
                  | Str+4}
 28128 | D:14     | Found a gate to the Vaults.
 28387 | D:14     | Reached skill level 10 in Evocations
 28820 | D:14     | You fall into a shaft and drop 1 floor!
 28820 | D:15     | Entered Level 15 of the Dungeon
 29474 | D:15     | Found a staircase to the Depths.
 29807 | D:14     | Gained mutation: Your presence sometimes corrodes those you
                  | injure. [demonic ancestry]
 29807 | D:14     | Reached XP level 16. HP: 132/133 MP: 21/23
 30205 | Orc:1    | Entered Level 1 of the Orcish Mines
 30254 | Orc:1    | Learned a level 1 spell: Apportation
 30257 | Orc:1    | Learned a level 2 spell: Passwall
 30311 | Orc:1    | Found a frozen archway.
 30334 | IceCv    | Entered an ice cave
 30776 | Orc:2    | Entered Level 2 of the Orcish Mines
 30913 | Orc:2    | Paralysed by an orc sorcerer for 6 turns
 30929 | Orc:2    | HP: 1/133 [orc warlord/bolt (33)]
 31049 | Orc:2    | Reached skill level 5 in Shields
 31244 | Orc:2    | Found Kiliar's Weapon Emporium.
 31244 | Orc:2    | Found Kyteohy's Weapon Boutique.
 31246 | Orc:2    | Found Firowu's Distillery.
 31248 | Orc:2    | Found Loem's Book Shoppe.
 31442 | Orc:2    | Found a staircase to the Elven Halls.
 31964 | Orc:1    | Found Demuh Xya's General Store.
 32020 | Orc:1    | Bought a potion of heal wounds for 85 gold pieces
 32020 | Orc:1    | Bought a potion of mutation for 136 gold pieces
 32459 | Elf:1    | Entered Level 1 of the Elven Halls
 32519 | Elf:1    | Noticed Kirke
 32536 | Elf:1    | Killed Kirke
 32595 | Elf:1    | Found Oneguypn's Antique Weapon Shop.
 32596 | Elf:1    | Identified Roxanne's Reference Book on Changing
 32596 | Elf:1    | Noticed Roxanne
 32612 | Elf:1    | Found Inoihoxt's Assorted Antiques.
 32651 | Elf:1    | Killed Roxanne
 32669 | Elf:1    | Learned a level 6 spell: Statue Form
 32763 | Elf:1    | Bought a potion of mutation for 280 gold pieces
 32763 | Elf:1    | Bought a thick peridot amulet for 175 gold pieces
 32801 | Elf:1    | Found Wown's Assorted Antiques.
 32819 | Elf:1    | Bought a potion of resistance for 390 gold pieces
 32836 | Elf:1    | Reached skill level 1 in Transmutations
 32836 | Elf:1    | Reached skill level 1 in Earth Magic
 32986 | Elf:1    | Found a radiant altar of Vehumet.
 33091 | Elf:1    | Found Wibiyl's Book Emporium.
 33113 | Elf:1    | Found Esuexu's Armour Shoppe.
 33308 | Elf:1    | Noticed Azrael
 33317 | Elf:1    | Killed Azrael
 33410 | Elf:1    | Noticed Jorgrun
 33448 | Elf:2    | Gained mutation: You are mostly covered in molten scales.
                  | (AC +3) [demonic ancestry]
 33448 | Elf:2    | Reached XP level 17. HP: 70/139 MP: 25/25
 33802 | Elf:1    | Killed Jorgrun
 34191 | Elf:2    | Acquired 1007 gold pieces
 34380 | Elf:2    | Found Dixuth's Armour Emporium.
 34402 | Elf:2    | Reached skill level 5 in Transmutations
 34406 | Elf:2    | Reached skill level 5 in Earth Magic
 34487 | Elf:2    | Paralysed by an air elemental for 1 turns
 34950 | Elf:2    | Found a runed translucent gate.
 34951 | Elf:2    | Found a runed translucent gate.
 34951 | Elf:2    | Found a runed translucent gate.
 34977 | Elf:2    | Killed from afar by a deep elf knight

Illustrated notes

Levels and vault maps discovered:
D:1:      amcnicky_arrival_flooded_fountain, layout_basic,
          shapermc_ecumenical_altar_acropolis, serial_shops,
          nicolae_shop_waterfront, nicolae_shop_hallway_plus,
          nicolae_square_shop, nicolae_diamond_shop, shop
D:2:      layout_rooms, minivault_11, corexii_shack
D:3:      layout_rooms, portal_sewer_entry_d, minmay_divided_ellipse,
          uniq_jessica
D:4:      layout_cave_pools, nicolae_ossuary_entry_plus,
          chequers_serial_rivers_room_b, uniq_duvessa
D:5:      layout_loops_ring, grunt_temple_overflow_open
D:6:      layout_gridville, zin_purify, minmay_temple_entry_enclosed_plants
D:7:      layout_cave_pods, uniq_pikel
D:8:      layout_loops_ring, enter_bailey_2, minmay_bent, uniq_grum, uniq_erica
D:9:      layout_roguey, lemuel_crystal_altar
D:10:     minmay_the_grid_triangle_9x9_recursive_2
          [minmay_the_grid_triangle_9x9_prize_top_heavy,
          minmay_the_grid_triangle_9x9_semitri,
          minmay_the_grid_triangle_9x9_limited_checkers,
          minmay_the_grid_triangle_9x9_empty], layout_basic, erik_lair_dragon,
          lemuel_old_faithful, uniq_maggie, uniq_sonja, uniq_josephine
D:11:     layout_rooms
D:12:     layout_loops_ring, minmay_orc_entry_temple_small, uniq_rupert
D:13:     layout_rooms
D:14:     layout_basic, skrybe_vaults_entry_preservation, serial_park_square3
          [serial_park_minivault_5x5_3]
D:15:     grunt_enter_depths_hoard, layout_basic
Temple:   dpeg_five_rooms_temple
Lair:1:   layout_regular_city, eino_small_chamber_without_monster,
          lemuel_fruit_tree
Lair:2:   layout_regular_city, minmay_snake_entry_guardpost_large
Lair:3:   layout_gridlike, spider_nest_entry_rubble,
          amcnicky_altar_lugonu_corruption
Lair:4:   layout_gridlike, bobbens_ice_dragon_lair
Lair:5:   layout_cave_pods, uniq_urug
Lair:6:   minmay_lair_end_enchanted_forest, layout_gridlike, slime_altar_2,
          basic_altar
Orc:1:    layout_diamond_mine, serial_shops, shop,
          portal_ice_cave_demonic_guard, nicolae_orc_crystal_geode
Orc:2:    st_orc_rangers, layout_caves, basic_altar, statue_in_the_mist_lemuel,
          nicolae_orc_bridge_out, bh_open_orc_temple
Elf:1:    elf_arrival_002, layout_gridlike, basic_altar, serial_shops,
          shop_fountains, shop, shop_coins, shop, shop,
          hangedman_elven_crosses_minicolossus, uniq_azrael, uniq_roxanne,
          uniq_kirke, uniq_jorgrun
Elf:2:    nicolae_elf_blades_crystal_corner, layout_geoelf_grid, serial_shops,
          shop, uniq_agnes

Skill      XL: |  1  2  3  4  5  6  7  8  9 10 11 12 13 14 15 16 17 |
---------------+----------------------------------------------------+-----
Long Blades    | 2 3 4 5 7 10 11 12 13 14 | 14.0
Dodging        | 2 3 6 8 |  8.0
Shields        | 1 2 3 4 8 9 |  9.9
Throwing       | 5 7 |  7.0
Fighting       | 6 8 9 11 14 | 14.0
Evocations     | 4 6 13 14 | 14.2
Invocations    | 5 9 10 11 | 11.1
Armour         | 2 5 |  5.0
Translocations | 5 7 |  7.2
Transmutations | 3 6 |  6.1
Earth Magic    | 3 6 |  6.0
Spellcasting   | |  2.0

Action                   |  1- 3 |  4- 6 |  7- 9 | 10-12 | 13-15 | 16-18 || total
-------------------------+-------+-------+-------+-------+-------+-------++-------
Melee: Falchion          |   141 |   172 |   551 |       |       |       ||   864
       Tailslap          |     5 |    14 |    86 |   111 |   399 |   192 ||   807
       Unarmed           |       |       |    25 |       |       |       ||    25
       Scimitar          |       |       |       |   469 |  1232 |   669 ||  2370
Throw: Dart              |       |       |    18 |    50 |    32 |     9 ||   109
       Throwing net      |       |       |       |       |       |     1 ||     1
 Cast: Blink             |       |     1 |     5 |    11 |    23 |     5 ||    45
       Passwall          |       |       |       |       |       |     1 ||     1
Invok: Slouch            |       |       |       |     1 |    11 |    14 ||    26
       Temporal Distorti |       |       |       |       |       |     4 ||     4
       Step From Time    |       |       |       |       |       |     1 ||     1
Evoke: Wand              |       |     3 |     4 |    20 |     6 |     7 ||    40
       Tin of tremorston |       |       |       |       |     2 |     6 ||     8
       Box of beasts     |       |       |       |       |       |     1 ||     1
  Use: Scroll            |     6 |     3 |    10 |     4 |    20 |     8 ||    51
       Potion            |       |       |     2 |     5 |     1 |     7 ||    15
 Stab: Distracted        |       |       |     1 |     1 |     5 |     6 ||    13
       Paralysed         |       |       |       |     7 |       |       ||     7
       Sleeping          |       |       |       |       |    10 |     6 ||    16
       Invisible         |       |       |       |       |       |     2 ||     2
Armor: Leather armour    |    27 |       |       |       |       |       ||    27
       Ring mail         |    83 |    86 |   221 |   209 |   342 |       ||   941
       Skin              |       |       |     3 |       |       |       ||     3
       Troll leather arm |       |       |       |       |   101 |   166 ||   267
Dodge: Dodged            |   134 |    70 |   276 |   265 |   836 |   494 ||  2075
Block: Buckler           |       |    39 |   181 |   218 |   579 |   406 ||  1423
       Reflection        |       |       |       |       |       |    26 ||    26

Table legend: (Time is in decaauts)
 A = Elapsed time spent in this place.
 B = Non-inter-level travel time spent in this place.
 C = Inter-level travel time spent in this place.
 D = Time resting spent in this place.
 E = Time spent auto-exploring this place.
 F = Levels seen in this place.
 G = Mean time per level.
                   A        B        C        D        E       F      G
               +--------+--------+--------+--------+--------+-----+--------+
         Total |  46731 |  43561 |   3170 |    957 |  35288 |  30 | 1557.7 |
       Dungeon |  23461 |  21399 |   2062 |      5 |  17875 |  15 | 1564.1 |
        Temple |     78 |     41 |     37 |      0 |     34 |   1 |   78.0 |
          Lair |  13226 |  12458 |    768 |      0 |  10898 |   6 | 2204.3 |
  Orcish Mines |   3104 |   2845 |    259 |     34 |   2074 |   2 | 1552.0 |
   Elven Halls |   3415 |   3373 |     42 |    142 |   2398 |   2 | 1707.5 |
         Sewer |    632 |    632 |      0 |      0 |    522 |   1 |  632.0 |
       Ossuary |    995 |    995 |      0 |    224 |    571 |   1 |  995.0 |
        Bailey |   1242 |   1242 |      0 |    551 |    526 |   1 | 1242.0 |
      Ice Cave |    575 |    575 |      0 |      0 |    388 |   1 |  575.0 |
               +--------+--------+--------+--------+--------+-----+--------+

Top non-repeatable levels by time:
    D:10: 3566 daAuts
  Lair:1: 2708 daAuts
  Lair:4: 2432 daAuts
  Lair:6: 2429 daAuts
   Orc:2: 2069 daAuts
   Elf:1: 2041 daAuts
  Lair:5: 1994 daAuts
  Lair:2: 1953 daAuts
    D:14: 1930 daAuts
    D:12: 1859 daAuts
  Lair:3: 1709 daAuts
     D:8: 1693 daAuts
     D:7: 1679 daAuts
     D:1: 1632 daAuts
     D:6: 1563 daAuts
